cohdb
Replays
Latest Replays
All Replays
Popular Replays
Top Player Replays
Match Explorer
How It Works
Community
CoH3 Stats
Reddit
Sign in to upload your games and track your stats! →
Sign in with Steam
Match 43468816
Unlisted
Match 43468816
Overview
Messages
Build Orders
End
Kettenkrad Recon Vehicle
Construct Infanterie Kompanie
Selects Terror Battlegroup
Selects Machine Gun Camouflage
MG 42 Machine Gun Team
Grenadier Squad
Grenadier Squad
Construct Panzergrenadier Kompanie
Selects Interrogate
Panzergrenadier Squad
Support Elements
Nebelwerfer 42 Rocket Launcher Team
Medical Station
Construct Luftwaffe Kompanie
Jäger Squad
Selects No Quarter
Jäger Squad
Construct Panzer Kompanie
Stoßtruppen Squad
Jäger Squad
Selects King Tiger Heavy Tank
AI Takeover
mr_ako
Kickass
DrewP
Dillbro
0
0
Comments
sign in to comment!
No comments posted yet!